 Dungeon Crawl Stone Soup version 0.26-a0-1181-gd376ed14c5 (webtiles) character file.

Game seed: 11493867802679216425

138 vvl the Skirmisher (level 5, -1/46 HPs)
             Began as a Ghoul Monk on Dec 25, 2020.
             Slain by Menkaure (14 damage)
             ... on level 2 of the Dungeon.
             The game lasted 00:06:59 (1757 turns).

vvl the Skirmisher (Ghoul Monk)                     Turns: 1757, Time: 00:07:00

Health: -1/46      AC:  9    Str: 22    XL:     5   Next: 21%
Magic:  4/4        EV:  9    Int:  5    God:
Gold:   72         SH:  0    Dex: 11    Spells: 4/4 levels left

rFire    . . .     SeeInvis .   a - +0 mace
rCold    + . .     Faith    .   (no shield)
rNeg     + + +     Spirit   .   e - +0 chain mail (curse)
rPois    ∞         Reflect  .   (no helmet)
rElec    .         Harm     .   c - +0 cloak
rCorr    .         Rampage  .   (no gloves)
Will     .....                  (no boots)
Stlth    ..........             (no amulet)
HPRegen  0.00/turn              f - +6 ring of strength
MPRegen  0.09/turn              m - ring of poison resistance

@: mighty
A: claws 1, cold resistance 1, negative energy resistance 3, inhibited
regeneration, torment resistance, unbreathing
a: no special abilities


You were on level 2 of the Dungeon.
You visited 1 branch of the dungeon, and saw 2 of its levels.

You collected 72 gold pieces.

Inventory:

Hand Weapons
 a - a +0 mace (weapon)
Missiles
 i - 6 silver javelins (quivered)
Armour
 c - a +0 cloak (worn)
 e - a cursed +0 chain mail (worn)
Jewellery
 f - a +6 ring of strength (left claw)
 m - a ring of poison resistance (right claw)
Scrolls
 g - a scroll of enchant weapon {unknown}
 j - 2 scrolls of magic mapping {unknown}
Potions
 h - 2 potions of brilliance
 l - a potion of curing {unknown}


   Skills:
 + Level 4.0 Fighting
 * Level 3.2(3.3) Maces & Flails
 - Level 0.7(2.1) Staves
 + Level 1.3 Armour
 + Level 3.2 Dodging
 - Level 2.1 Stealth
 + Level 1.3 Shields
 + Level 1.3 Necromancy


You had 4 spell levels left.
You didn't know any spells.
Your spell library was empty.

Dungeon Overview and Level Annotations

Branches:
Dungeon (2/15)

Altars:
Kikubaaqudgha
Yredelemnul

Annotations:
D:2 1 transporter, Menkaure


Innate Abilities, Weirdness & Mutations

You thrive by killing the living.
You are immune to poison.
You have sharp fingernails.
Your flesh is cold resistant. (rC+)
You are immune to negative energy. (rN+++)
You do not regenerate when monsters are visible.
You are immune to unholy pain and torment.
You can survive without breathing.


Message History

The bat skeleton hits you but does no damage. x2
Menkaure barely misses you.
The bat skeleton hits you but does no damage.
You hit Menkaure.
Menkaure is moderately damaged.
The bat skeleton barely misses you. x2; Menkaure hits you!
The bat skeleton barely misses you.
You barely miss Menkaure.
Menkaure is moderately damaged.
The bat skeleton barely misses you. The bat skeleton closely misses you.
The bat skeleton hits you but does no damage.
Menkaure murmurs, "It doesn't hurt if you pull your brain out of your nose yourself."
Menkaure hits you!
* * * LOW HITPOINT WARNING * * *
You barely miss Menkaure.
Menkaure is moderately damaged.
The bat skeleton barely misses you.
The bat skeleton hits you but does no damage.
The bat skeleton barely misses you. Menkaure hits you!
You die...

#...# #......# ##
###.#.#########.####.######
##.
##...#.....................#
#..
...#####.###.#############.#
##. ..)..#...#
#.#...........#.# ##
####.#.### #.#$..........#.#
# #...#####.#$.###.###..#.#
#.........#_.#8#.#8#..#.###
#######...#).@).......#...##
#..©#⌠.MZ.©.....#©...##
##..#...........#!....#
##.#_.#8#.#8#!.#.....#
#.#..###.###..#...#.##
#.#=..........#.#.....
#.#©..........#...#.##
#.#############..##...
#................#####


You could see Menkaure and a bat skeleton.

Vanquished Creatures
  A wight (D:2)
  4 adders (D:2)
  An ooze (D:1)
  2 dart slugs (D:2)
  2 leopard geckos
  2 ball pythons (D:2)
  9 bats
  A bat skeleton (D:2)
  3 giant cockroaches
  2 goblins
  10 hobgoblins
  A jackal (D:2)
  7 kobolds
  2 frilled lizards
  A leopard gecko zombie (D:2)
  3 rats (D:2)
51 creatures vanquished.

Notes
Turn   | Place    | Note
-------+----------+-------------------------------------------
     0 | D:1      | vvl the Ghoul Monk began the quest for the Orb.
     0 | D:1      | Reached XP level 1. HP: 19/19 MP: 0/0
   112 | D:1      | Reached XP level 2. HP: 25/26 MP: 1/1
   502 | D:1      | Reached XP level 3. HP: 31/31 MP: 2/2
   624 | D:2      | Found an ancient bone altar of Kikubaaqudgha.
   626 | D:2      | Noticed Menkaure
   634 | D:2      | Found a transporter.
  1004 | D:2      | Found a transporter.
  1004 | D:2      | Found a basalt altar of Yredelemnul.
  1156 | D:2      | Reached skill level 1 in Armour
  1305 | D:2      | Reached skill level 1 in Shields
  1308 | D:2      | Reached XP level 4. HP: 39/40 MP: 3/3
  1410 | D:2      | Reached skill level 1 in Necromancy
  1754 | D:2      | Reached skill level 4 in Fighting
  1754 | D:2      | Reached XP level 5. HP: 33/46 MP: 4/4
  1757 | D:2      | Slain by Menkaure

Illustrated notes

Levels and vault maps discovered:
D:1:      lightli_arrival_chessboard, layout_basic
D:2:      minmay_razor_zed, layout_loops_ring, gammafunk_temple_of_torment

Skill      XL: |  1  2  3  4 |
---------------+-------------+-----
Dodging        | 3 |  3.2
Armour         | 1 |  1.3
Shields        | 1 |  1.3
Necromancy     | 1 |  1.3
Maces & Flails | 3 |  3.2
Fighting       | 4 |  4.0
Staves         | |  0.7
Stealth        | |  2.1

Action                   |  1- 3 |  4- 6 || total
-------------------------+-------+-------++-------
Melee: Mace              |   151 |    52 ||   203
  Use: Scroll            |       |     3 ||     3
       Potion            |       |     1 ||     1
 Stab: Sleeping          |     2 |       ||     2
Armor: Robe              |     6 |       ||     6
       Chain mail        |   117 |    48 ||   165
Dodge: Dodged            |    98 |    39 ||   137

Table legend: (Time is in decaauts)
 A = Elapsed time spent in this place.
 B = Non-inter-level travel time spent in this place.
 C = Inter-level travel time spent in this place.
 D = Time resting spent in this place.
 E = Time spent auto-exploring this place.
 F = Levels seen in this place.
 G = Mean time per level.
                   A        B        C        D        E       F      G
               +--------+--------+--------+--------+--------+-----+--------+
         Total |   1807 |   1708 |     99 |      0 |   1278 |   2 |  903.5 |
       Dungeon |   1807 |   1708 |     99 |      0 |   1278 |   2 |  903.5 |
               +--------+--------+--------+--------+--------+-----+--------+

Top non-repeatable levels by time:
     D:2: 1183 daAuts
     D:1: 624 daAuts
